 Dungeon Crawl Stone Soup version 0.17.1-1-g73c8601 (webtiles) character file.

998 Miyamura the Cudgeler (level 8, 0/78 HPs)
             Began as a Troll Warper on Dec 22, 2015.
             Succumbed to an orc warrior's poison
             ... on level 6 of the Dungeon.
             The game lasted 00:17:28 (5380 turns).

Miyamura the Cudgeler (Troll Warper)                Turns: 5380, Time: 00:17:28

Health: 0/78       AC:  6    Str: 20      XL:     8   Next: 0%
Magic:  9/11       EV: 10    Int:  9 (11) God:
Gold:   304        SH:  0    Dex:  9      Spells: 2 memorised, 9 levels left

rFire  . . .     SeeInvis +     l - +0 giant club
rCold  . . .     Clarity  .     b - +1 robe
rNeg   . . .     SustAt   .     (shield currently unavailable)
rPois  .         Gourm    +     (helmet restricted)
rElec  .         Spirit   .     (no cloak)
rCorr  +         Warding  .     (gloves unavailable)
rMut   .         Stasis   .     (boots unavailable)
MR     .....                    q - amulet of resist corrosion
Stlth  +.........               (no ring)
                                j - ring of see invisible

@: lethally poisoned (0 -> -16), very slightly contaminated, drained, not
resistant to hostile enchantments, very unstealthy
A: unfitting armour, claws 3, fast metabolism 3, gourmand, regeneration 2,
shaggy fur 1, tough skin 2
a: no special abilities


You were on level 6 of the Dungeon.
You were full.

You visited 1 branch of the dungeon, and saw 6 of its levels.

You collected 304 gold pieces.

Inventory:

Hand Weapons
 a - a +1 mace
 i - a +2 dagger of draining
 l - a +0 giant club (weapon)
Missiles
 e - 8 tomahawks of dispersal (quivered)
 p - 2 tomahawks
Armour
 b - a +1 robe (worn)
Jewellery
 j - a ring of see invisible (left claw)
 q - an amulet of resist corrosion (around neck)
Wands
 m - a wand of enslavement (10)
 u - a wand of digging (6)
Scrolls
 k - 3 scrolls of identify
 n - 2 scrolls of remove curse
 r - a scroll of magic mapping
Potions
 h - a potion of magic
 o - a potion of flight
 s - a potion of degeneration
Books
 c - a book of Spatial Translocations

   Spells                             Type                      Level
   a - Apportation                    Translocation                1
   b - Blink                          Translocation                2
   c - Shroud of Golubria             Charms/Translocation         2
   d - Portal Projectile              Translocation                3
   e - Teleport Other                 Translocation                3
   f - Passage of Golubria            Translocation                4
Comestibles
 f - 8 bread rations
 g - 2 beef jerkies
 t - a meat ration


   Skills:
 + Level 3.7(3.3) Fighting
 + Level 4.3(3.9) Maces & Flails
 - Level 0.8(0.4) Throwing
 + Level 3.7(3.3) Dodging
 + Level 2.8(2.4) Spellcasting
 + Level 3.7(3.2) Translocations


You had 9 spell levels left.
You knew the following spells:

 Your Spells              Type           Power        Failure   Level  Hunger
a - Apportation           Tloc           #.........   12%         1    ##.....
b - Blink                 Tloc           N/A          14%         2    ###....


Dungeon Overview and Level Annotations

Branches:
Dungeon (6/15)
 Temple: D:4-7

Altars:

Annotations:
D:5 Grinder; Pikel; WereVolvo's ghost, novice TeCj


Innate Abilities, Weirdness & Mutations

You are too large for most types of armour.
You have claws for hands.
Your metabolism is lightning-fast.
You like to eat raw meat.
You heal very quickly.
You are covered in fur (AC +1).
You have very tough skin (AC +2).


Message History

You feel sick.
The orc warrior throws a poisoned tomahawk.
The poisoned tomahawk hits you!
* * * LOW HITPOINT WARNING * * *
You are lethally poisoned!
Drink which item? (? for menu, Esc to quit)
Okay, then.
Casting: Blink
Confirm with . or Enter, or press ? or * to list all spells.
Okay, then.
Read which item? (? for menu, Esc to quit)
Blink to where?
Press: ? - help, Dir - move target cursor
As you read the scroll of blinking, it crumbles to dust.
* * * LOW HITPOINT WARNING * * *
You feel sick.
Unknown command.
* * * LOW HITPOINT WARNING * * *
You feel very sick.
You die...

#.....#................. #....# .
#.....#..[.............. #..§.# .
#.....###'####....###+## #a..###'
##'##........#....##...###..(##..
....#........'....#....#.(....#..
....#........#....#....#......#..
....'........#....#....#....o.#..
..).#........#....#....#......o..
#...#........###@###...#.o...o#..
#...#..............#...#......#..
#<..#..............###'##....##..
#...#...................#....##..
#...#...................§........
#...#...................#........
#...#...................#........
#...................#........
###############.....###+#####


There were no monsters in sight!

Vanquished Creatures
  Sigmund (D:3)
  An ice beast (D:4)
  An ogre (D:4)
  A slave (D:4)
  The ghost of WereVolvo the Conjurer, an amateur TeCj (D:3)
  Blork the orc (D:6)
  A crimson imp (D:6)
  3 hounds
  A giant frog skeleton (D:5)
  A jelly (D:6)
  2 iguanas
  2 worker ants
  Robin (D:3)
  4 gnolls
  4 adders
  A river rat (D:5)
  A shadow imp (D:5)
  3 oozes
  2 worms (D:3)
  6 giant geckos
  12 orcs
  17 goblins
  7 hobgoblins
  13 jackals
  4 quokkas
  A ball python (D:1)
  8 bats
  8 giant cockroaches
  6 giant newts
  8 kobolds
  4 rats (D:1)
126 creatures vanquished.

Notes
Turn   | Place    | Note
--------------------------------------------------------------
     0 | D:1      | Miyamura the Troll Warper began the quest for the Orb.
     0 | D:1      | Reached XP level 1. HP: 19/19 MP: 1/1
   407 | D:1      | Reached XP level 2. HP: 15/27 MP: 3/3
   496 | D:1      | Learned a level 2 spell: Blink
  1087 | D:1      | Reached XP level 3. HP: 33/33 MP: 2/4
  1662 | D:2      | Reached XP level 4. HP: 40/42 MP: 5/5
  2197 | D:3      | Noticed Sigmund
  2215 | D:3      | Killed Sigmund
  2215 | D:3      | Reached skill level 3 in Maces & Flails
  2215 | D:3      | Reached XP level 5. HP: 17/50 MP: 5/7
  2297 | D:3      | Noticed WereVolvo's ghost (amateur TeCj)
  2302 | D:3      | Gained mutation: Armour fits poorly on your strangely shaped body. [potion of mutation]
  2302 | D:3      | Gained mutation: Your spells are a little easier to cast, but a little less powerful. [potion of mutation]
  2302 | D:3      | Gained mutation: Your magical capacity is low (-10% MP). [potion of mutation]
  2303 | D:3      | Lost mutation: Armour fits poorly on your strangely shaped body. [potion of cure mutation]
  2303 | D:3      | Lost mutation: Your magical capacity is low (-10% MP). [potion of cure mutation]
  2303 | D:3      | Lost mutation: Your spells are a little easier to cast, but a little less powerful. [potion of cure mutation]
  2329 | D:3      | Killed WereVolvo's ghost
  2329 | D:3      | Reached XP level 6. HP: 37/59 MP: 8/8
  2401 | D:3      | Noticed Robin
  2500 | D:3      | Killed Robin
  3787 | D:4      | Reached XP level 7. HP: 47/67 MP: 9/9
  4320 | D:5      | Entered Level 5 of the Dungeon
  4320 | D:5      | Noticed Pikel
  4628 | D:5      | Noticed Grinder
  4767 | D:4      | Reached skill level 4 in Maces & Flails
  4865 | D:5      | Noticed WereVolvo's ghost (novice TeCj)
  4914 | D:5      | Paralysed by Grinder for 4 turns
  4921 | D:5      | Paralysed by Grinder for 2 turns
  4925 | D:5      | Paralysed by Grinder for 7 turns
  5105 | D:6      | Noticed Blork the orc
  5113 | D:6      | Killed Blork the orc
  5240 | D:6      | Reached XP level 8. HP: 78/78 MP: 11/11
  5379 | D:6      | HP: 2/78 [poisoned by an orc warrior]
  5380 | D:6      | Succumbed to an orc warrior's poison

Action                   |  1- 3 |  4- 6 |  7- 9 || total
-------------------------+-------+-------+-------++-------
Melee: Mace              |   161 |   263 |       ||   424
       Giant club        |       |       |   135 ||   135
 Cast: Blink             |     1 |       |     5 ||     6
  Use: Scroll            |     5 |    10 |     3 ||    18
       Potion            |       |    10 |     1 ||    11
 Stab: Sleeping          |     1 |       |       ||     1
  Eat: Chunk             |    21 |    22 |    13 ||    56
